 Dungeon Crawl Stone Soup version 0.26-a0-291-g3d11bbfad5 (webtiles) character file.

Game seed: 14156551201561025619

26 BritishOli the Skirmisher (level 2, 0/24 HPs)
             Began as a Demonspawn Fighter on July 14, 2020.
             Succumbed to an adder's poison
             ... on level 2 of the Dungeon.
             The game lasted 00:00:32 (915 turns).

BritishOli the Skirmisher (Demonspawn Fighter)       Turns: 915, Time: 00:00:32

Health: 0/24       AC:  6    Str: 16    XL:     2   Next: 89%
Magic:  2/2        EV:  6    Int:  9    God:
Gold:   24         SH:  8    Dex: 12    Spells: 1/1 levels left

rFire    . . .     SeeInvis .   a - +0 long sword
rCold    . . .     Faith    .   c - +0 kite shield
rNeg     . . .     Spirit   .   b - +0 scale mail
rPois    .         Reflect  .   (no helmet)
rElec    .         Harm     .   f - scarf {+Inv}
rCorr    .                      (no gloves)
MR       .....                  (no boots)
Stlth    ..........             (no amulet)
HPRegen  0.08/turn              (no ring)
MPRegen  0.08/turn              (no ring)

@: lethally poisoned (0 -> -2)
A: powered by pain 1
a: Evoke Invisibility


You were on level 2 of the Dungeon.
You visited 1 branch of the dungeon, and saw 2 of its levels.

You collected 24 gold pieces.

Inventory:

Hand Weapons
 a - a +0 long sword (weapon)
Armour
 b - a +0 scale mail (worn)
 c - a +0 kite shield (worn)
 f - a scarf of invisibility (worn)
Potions
 d - a potion of might
 e - a potion of curing {unknown}
 g - 2 potions of berserk rage {unknown}
 h - a potion of stabbing {unknown}


   Skills:
 + Level 3.3 Fighting
 + Level 2.1 Long Blades
 + Level 3.0 Armour
 + Level 3.0 Shields


You had one spell level left.
You didn't know any spells.
Your spell library was empty.

Dungeon Overview and Level Annotations

Branches:
Dungeon (2/15)

Altars:


Innate Abilities, Weirdness & Mutations

You sometimes gain a little power by taking damage.


Message History

The gnoll barely misses you.
A gnoll comes into view. It is wielding a +0 halberd.
Found a fizzy grey potion.
There are monsters nearby!
There are monsters nearby!
There are monsters nearby!
The gnoll shouts!
You hit the gnoll.
The gnoll is moderately wounded.
You feel sick.
The gnoll drinks a potion.
The gnoll seems to grow stronger.
The gnoll hits you. You block the gnoll's attack. The gnoll hits you.
* * * LOW HITPOINT WARNING * * *
The gnoll barely misses you. The gnoll barely misses you.
The gnoll completely misses you.
You see here a stone.
The gnoll throws a stone.
The stone hits you.
* * * LOW HITPOINT WARNING * * *
You see here a stone.
You see here 26 arrows.
You die...

#.#.########.#
######.#...# #.#
...#......# #†#
##.#############.#
#................#
..
#..###############
#.. #..# #..#
####.(# ...
#...(@# #!.#.#.(.#
#..#+#g..##
#...l(g...#
#...g.....#
#..g......#
#........!#
#..#+#...?.. #..
#..#####


You could see 4 gnolls and a leopard gecko.

Vanquished Creatures
  An adder (D:2)
  A dart slug (D:1)
  2 leopard geckos (D:1)
  A goblin (D:1)
  A kobold (D:1)
  3 bats (D:1)
  2 frilled lizards (D:1)
  4 rats
15 creatures vanquished.

Notes
Turn   | Place    | Note
-------+----------+-------------------------------------------
     0 | D:1      | BritishOli the Demonspawn Fighter began the quest for the
                  | Orb.
     0 | D:1      | Reached XP level 1. HP: 18/18 MP: 1/1
   334 | D:1      | Gained mutation: You sometimes gain a little power by
                  | taking damage. [demonic ancestry]
   334 | D:1      | Reached XP level 2. HP: 24/24 MP: 2/2
   913 | D:2      | HP: 1/24 [gnoll/stone (5)]
   915 | D:2      | Succumbed to an adder's poison

Illustrated notes

Levels and vault maps discovered:
D:1:      dpeg_arrival_another_circle, layout_loops_ring, bh_walls_and_bars
D:2:      layout_basic

Skill      XL: |  1  2 |
---------------+-------+-----
Long Blades    | 2 |  2.1
Armour         | 3 |  3.0
Shields        | 3 |  3.0
Fighting       | |  3.3

Action                   || total
-------------------------++-------
Melee: Long sword        ||    40
Armor: Scale mail        ||    30
Dodge: Dodged            ||     8
Block: Kite shield       ||    16
       Rpst.: Long sword ||     3

Table legend:
 A = Non-vault XP
 B = Vault XP
 C = Vault XP percentage of total XP
 D = Non-vault monster count
 E = Vault monster count
 F = Vault count percentage of total count
                 A         B        C        D         E       F
            +---------+---------+-------+---------+---------+-------
      Total |      38 |       0 |   0.0 |      15 |       0 |   0.0
            +---------+---------+-------+---------+---------+-------
        D:1 |      23 |       0 |   0.0 |      13 |       0 |   0.0
        D:2 |      15 |       0 |   0.0 |       2 |       0 |   0.0
            +---------+---------+-------+---------+---------+-------
